 Dungeon Crawl Stone Soup version 0.31-a0-819-gf6de2f5ab6 (webtiles) character file.

Game seed: 2129130262867784184

217 Shayle the Trooper (level 5, 0/62 HPs)
             Began as an Ogre Hexslinger on Sept 24, 2023.
             Frozen to death by an endoplasm (3 damage)
             ... on level 4 of the Dungeon.
             The game lasted 00:07:47 (2283 turns).

Shayle the Trooper (Ogre Hexslinger)                Turns: 2283, Time: 00:07:52

Health: 0/62       AC:  4    Str: 10 (12) XL:     5   Next: 94%
Magic:  6/6        EV:  9    Int: 14 (16) God:
Gold:   112        SH:  0    Dex:  6 (9)  Spells: 4/6 levels left

rFire   x . .        a - +1 sling
rCold   . . .        (no shield)
rNeg    . . .        c - +1 robe
rPois   .            (helmet restricted)
rElec   .            (no cloak)
rCorr   .            (gloves unavailable)
SInv    .            (boots unavailable)
Will    +....        (no amulet)
Stlth   +            (no ring)
HPRegen 0.30/turn    (no ring)
MPRegen 0.10/turn

%: no passive effects
@: brilliant, lethally poisoned (0 -> -8), attractive, enlightened, flying,
invisible
A: large, unfitting armour, tough skin 1, clumsy 1, robust 1, teleportitis 1,
heat vulnerability 1
a: no special abilities


You were on level 4 of the Dungeon.
You visited 1 branch of the dungeon, and saw 4 of its levels.

You collected 112 gold pieces.

Inventory:

Hand Weapons
 a - a +1 sling (weapon)
 n - a +2 dagger of speed
Armour
 c - a +1 robe (worn)
Jewellery
 e - a ring of wizardry
Scrolls
 f - a scroll of revelation
Potions
 i - 2 potions of degeneration


   Skills:
 + Level 5.1 Fighting
 - Level 1.3 Ranged Weapons
 - Level 1.7 Dodging
 + Level 3.2 Unarmed Combat
 - Level 1.2 Spellcasting
 - Level 2.6 Hexes
 + Level 1.5 Fire Magic


You had 4 spell levels left.
You knew the following spells:

 Your Spells              Type           Power      Damage    Failure   Level
a - Jinxbite              Hex            24%        N/A       13%         2

Your spell library contained the following spells:

 Spells                   Type           Power      Damage    Failure   Level
 Sigil of Binding         Hex            12%        N/A       26%         3
 Inner Flame              Hex/Fire       10%        N/A       32%         3
 Cause Fear               Hex            6%         N/A       65%         4
 Dimensional Bullseye     Hex/Tloc       3%         N/A       83%         4


Dungeon Overview and Level Annotations

Branches:
Dungeon (4/15)
 Temple: D:4-7

Altars:
Trog

Annotations:
D:3 Sigmund


Innate Abilities, Weirdness & Mutations

You are too large for most types of armour.
You have tough skin. (AC +1)
You are clumsy. (Dex -2)
You are robust. (+10% HP)
You are occasionally teleported next to monsters.
You are vulnerable to heat. (rF-)


Message History

It was a potion of degeneration.
There was something very wrong with that liquid.
You feel weakened.
You feel dopey.
You feel clumsy. The gnoll hits you with a +0 flail.
A gnoll comes into view. It is wielding a +0 club.
A gnoll comes into view. It is wielding a +0 flail.
A gnoll comes into view. It is wielding a +0 spear.
It was a potion of attraction.
You feel attractive to monsters.
The gnoll shouts!
The gnoll misses you. The gnoll is attracted toward you. x4
It was a potion of enlightenment.
You feel very buoyant.
You fly up into the air.
The gnoll hits you with a +0 flail!
* * * LOW HITPOINT WARNING * * *
The gnoll hits you with a +1 whip of venom.
* * * LOW HITPOINT WARNING * * *
You are poisoned.
The endoplasm is attracted toward you. The gnoll is attracted toward you. x3
It was a potion of invisibility.
You fade into invisibility!
You feel sick. The endoplasm hits you.
* * * LOW HITPOINT WARNING * * *
The gnoll bouda barely misses you. The gnoll barely misses you.
The gnoll is attracted toward you. x2
It was a potion of brilliance.
You feel clever all of a sudden.
You feel sick.
The endoplasm splashes around in the water.
The gnoll closely misses you. The gnoll hits you with a +0 club.
* * * LOW HITPOINT WARNING * * *
The gnoll hits you but does no damage.
You are lethally poisoned!
It was a potion of mutation.
You feel extremely strange.
You feel clumsy.
You feel weirdly uncertain.
You feel vulnerable to heat.
You feel robust.
* * * LOW HITPOINT WARNING * * *
You feel very sick. The endoplasm freezes you.
You die...

..#......#....................##.
..##.....#........88~≈≈~~88.....#
...#.....##########~~≈≈~........#
...#...............~≈≈~~##..).<.#
...#...............~≈≈~..#......#
###########.......~~≈≈~..#......#
,,,,,,,,..#.......~≈≈~§..#......#
,,,,,,,,..+.....gg~≈≈~#..#......+
,,,,,,,,..#....g@gg≈≈§#,,#......#
********#######g#J~≈≈~#,,###+#...
#######g.~≈≈~~#,,,,,,+...
********#######..~≈≈~.#,,,,,,*,,,
,,,,,,,,..#####'#~≈≈§.#,,**,,*,,,
,,,,,,,,..+......~≈≈~.#,,**,,*,,,
,,,,,,,,..#......~≈≈~.#,,,,,,*,,,
********###......~≈≈~~+,,,,,,*,,,
*,,,*,,,.........~~≈≈~#,,**,,*,,,


You could see a gnoll bouda (unable to see you), 6 gnolls and an endoplasm.

Vanquished Creatures
  A jelly (D:4)
  A hound (D:4)
  Natasha (D:3)
  3 gnolls
  2 adders (D:2)
  A dart slug (D:1)
  3 orcs (D:4)
  4 ball pythons
  5 bats
  6 endoplasms
  11 goblins
  8 hobgoblins
  11 jackals (D:1)
  3 quokkas
  7 kobolds
  5 rats
72 creatures vanquished.

Notes
Turn   | Place    | Note
-------+----------+-------------------------------------------
     0 | D:1      | Shayle the Ogre Hexslinger began the quest for the Orb.
     0 | D:1      | Reached XP level 1. HP: 19/19 MP: 2/2
    69 | D:1      | Reached skill level 2 in Fighting
    70 | D:1      | Reached XP level 2. HP: 22/28 MP: 3/3
   101 | D:1      | Reached skill level 1 in Unarmed Combat
   260 | D:1      | Reached XP level 3. HP: 35/36 MP: 4/4
   279 | D:1      | Found a faded altar of an unknown god.
   310 | D:1      | Reached skill level 3 in Fighting
   624 | D:2      | Reached XP level 4. HP: 45/45 MP: 5/5
  1199 | D:2      | Found a bloodstained altar of Trog.
  1237 | D:3      | Reached skill level 4 in Fighting
  1254 | D:3      | Noticed Natasha
  1307 | D:3      | Noticed Sigmund
  1319 | D:2      | HP: 2/48 [poisoned by you (poison gas)]
  1539 | D:3      | Killed Natasha
  1540 | D:3      | Reached XP level 5. HP: 13/55 MP: 6/6
  1859 | D:2      | Learned a level 2 spell: Jinxbite
  2026 | D:4      | Reached skill level 1 in Fire Magic
  2225 | D:4      | Reached skill level 5 in Fighting
  2283 | D:4      | Gained mutation: You are clumsy. (Dex -2) [potion of
                  | mutation]
  2283 | D:4      | Gained mutation: You are occasionally teleported next to
                  | monsters. [potion of mutation]
  2283 | D:4      | Gained mutation: You are vulnerable to heat. (rF-) [potion
                  | of mutation]
  2283 | D:4      | Gained mutation: You are robust. (+10% HP) [potion of
                  | mutation]
  2283 | D:4      | HP: 3/62 [poisoned by a gnoll]
  2283 | D:4      | Frozen to death by an endoplasm

Illustrated notes

Levels and vault maps discovered:
D:1:      saegor_arrival_simple_d, layout_rooms,
          chequers_ecumenical_altar_simple_redux
D:2:      kennysheep_the_goblin_king, layout_loops_ring, basic_altar,
          minmay_misc_feat_secret_circle, serial_bayou_crossing
D:3:      layout_basic, uniq_natasha, uniq_crazy_yiuf_cottage, uniq_grinder,
          uniq_sigmund
D:4:      wander_river, layout_gridville, serial_shops,
          nicolae_shop_industrial_runoff, nrook_uturn, kennysheep_orc_chapel

Skill      XL: |  1  2  3  4  5 |
---------------+----------------+-----
Fighting       | 2 3 4 5 |  5.1
Unarmed Combat | 1 2 3 |  3.2
Fire Magic     | 1 |  1.5
Ranged Weapons | |  1.3
Dodging        | |  1.7
Spellcasting   | |  1.2
Hexes          | |  2.6

Action                     |  1- 3 |  4- 6 || total
---------------------------+-------+-------++-------
   Fire: Sling             |   119 |   161 ||   280
    Use: Scroll            |       |     7 ||     7
         Potion            |       |     9 ||     9
 Armour: Robe              |    67 |    95 ||   162
  Dodge: Dodged            |    76 |    73 ||   149

Table legend: (Time is in decaauts)
 A = Elapsed time spent in this place.
 B = Non-inter-level travel time spent in this place.
 C = Inter-level travel time spent in this place.
 D = Time resting spent in this place.
 E = Time spent auto-exploring this place.
 F = Levels seen in this place.
 G = Mean time per level.
                   A        B        C        D        E       F      G
               +--------+--------+--------+--------+--------+-----+--------+
         Total |   2396 |   2345 |     51 |    543 |   1002 |   4 |  599.0 |
       Dungeon |   2396 |   2345 |     51 |    543 |   1002 |   4 |  599.0 |
               +--------+--------+--------+--------+--------+-----+--------+

Top non-repeatable levels by time:
     D:2: 1201 daAuts
     D:1: 632 daAuts
     D:4: 320 daAuts
     D:3: 242 daAuts
